 Dungeon Crawl Stone Soup version 0.26.0-45-g9c1d065592 (webtiles) character file.

Game seed: 11838657483777779958

(classic levelgen) 84 thiole the Sneak (level 4, 0/27 HPs)
             Began as an Octopode Hedge Wizard on Jan 29, 2021.
             Slain by a hobgoblin (3 damage)
             ... on level 3 of the Dungeon.
             The game lasted 00:04:59 (1714 turns).

thiole the Sneak (Octopode Hedge Wizard)            Turns: 1714, Time: 00:04:59

Health: 0/27       AC:  1    Str:  9    XL:     4   Next: 46%
Magic:  8/8        EV: 13    Int: 17    God:
Gold:   84         SH:  0    Dex: 11    Spells: 8/9 levels left

rFire    . . .     SeeInvis .   a - +0 dagger
rCold    . . .     Faith    .   (no shield)
rNeg     . . .     Spirit   .   b - +0 hat
rPois    .         Reflect  .   (no amulet)
rElec    .         Harm     .   (no ring)
rCorr    .         Rampage  .   (no ring)
Will     .....                  (no ring)
Stlth    ++++......             (no ring)
HPRegen  0.09/turn              (no ring)
MPRegen  0.11/turn              (no ring)
                                (no ring)
                                (no ring)

@: no status effects
A: almost no armour, stealthy swim, amphibious, 8 rings, constrict 8, camouflage
1, gelatinous body 1
a: no special abilities


You were on level 3 of the Dungeon.
You visited 1 branch of the dungeon, and saw 3 of its levels.

You collected 84 gold pieces.

Inventory:

Hand Weapons
 a - a +0 dagger (weapon)
 h - a +0 hunting sling
Missiles
 i - 2 silver javelins
Armour
 b - a +0 hat (worn)
Jewellery
 j - an uncursed amulet of faith {unknown}
 o - an uncursed ring of willpower {unknown}
Scrolls
 d - a scroll of magic mapping {unknown}
 l - 3 scrolls of fog {unknown}
 n - a scroll of identify {unknown}
 p - a scroll of remove curse {unknown}
Potions
 c - 2 potions of might {unknown}
 e - 2 potions of resistance {unknown}
 f - a potion of berserk rage {unknown}
 g - 3 potions of curing {unknown}
 k - a potion of lignification {unknown}
 m - a potion of mutation {unknown}


   Skills:
 - Level 2.0 Dodging
 + Level 6.5 Stealth
 - Level 3.0 Spellcasting
 - Level 1.0 Conjurations
 - Level 1.0 Summonings
 - Level 1.0 Translocations


You had 8 spell levels left.
You knew the following spells:

 Your Spells              Type           Power        Failure   Level
a - Magic Dart            Conj           20%          12%         1

Your spell library contained the following spells:

 Spells                   Type           Power        Failure   Level
 Blink                    Tloc           N/A          17%         2
 Call Imp                 Summ           5%           17%         2
 Slow                     Hex            2%           26%         2
 Conjure Flame            Conj/Fire      4%           38%         3
 Mephitic Cloud           Conj/Pois/Air  3%           41%         3


Dungeon Overview and Level Annotations

Branches:
Dungeon (3/15)

Altars:
Okawaru


Innate Abilities, Weirdness & Mutations

You cannot wear most types of armour.
You are very stealthy in the water. (Stealth+)
You are amphibious.
You can wear up to eight rings at the same time.
You can use your tentacles to constrict eight enemies at once.
Your skin changes colour to match your surroundings (Stealth+).
Your rubbery body absorbs attacks. (AC +1, EV +1)


Message History

The orc is moderately wounded.
You constrict the orc, but do no damage.
A giant cockroach comes into view.
The orc hits you with a +0 hand axe. The orc barely misses you.
The orc closely misses you.
Unknown command.
You release your grip on the orc.
The frilled lizard unfolds its giant frill.
The orc hits you with a +0 hand axe. The orc misses you.
An adder comes into view.
Found 14 gold pieces.
The orc hits you with a +0 hand axe.
Found a scroll labelled ULAIME MOIJI.
There is a stone staircase leading up here.
The orc closely misses you. The rat closely misses you.
The orc hits you from afar with a +0 trident!
* * * LOW HITPOINT WARNING * * *
The hobgoblin hits you.
You die...

....S....
......... ..
........# #.#
........# #.#
..$.....# #.#
........###.##
##......o....#
.......@r....#
###....gol...#
?.......ho...#
##.#.....o...#
.............#####
##.#........<....#
#.#...!.....)...#
. .........h....#
..............#


You could see an adder (asleep), 4 orcs, 2 jackals, a hobgoblin, a frilled
lizard and a rat.

Vanquished Creatures
  A gnoll (D:1)
  3 adders (D:2)
  2 dart slugs
  2 leopard geckos
  An orc (D:3)
  3 giant cockroaches (D:1)
  3 goblins
  4 hobgoblins
  4 jackals (D:1)
  5 kobolds
  A quokka (D:2)
  5 bats
  2 frilled lizards
  4 rats
40 creatures vanquished.

Notes
Turn   | Place    | Note
-------+----------+-------------------------------------------
     0 | D:1      | thiole the Octopode Hedge Wizard began the quest for the
                  | Orb.
     0 | D:1      | Reached XP level 1. HP: 11/11 MP: 4/4
    88 | D:1      | Reached skill level 3 in Stealth
   312 | D:1      | Reached XP level 2. HP: 17/17 MP: 4/6
   345 | D:1      | Reached skill level 4 in Stealth
   572 | D:1      | Reached XP level 3. HP: 11/21 MP: 0/7
   804 | D:1      | Reached skill level 5 in Stealth
  1144 | D:2      | Found an iron altar of Okawaru.
  1194 | D:2      | Reached XP level 4. HP: 27/27 MP: 4/8
  1203 | D:2      | Reached skill level 6 in Stealth
  1714 | D:3      | Slain by a hobgoblin

Illustrated notes

Levels and vault maps discovered:
D:1:      dpeg_arrival_chambers_temple_mockup, layout_basic
D:2:      layout_rooms, okawaru_ov_weapons_minmay
D:3:      wad_lake_hut, layout_rooms, old_standard_altar,
          nicolae_qazlal_general_emergency, uniq_purgy, uniq_jessica

Skill      XL: |  1  2  3  4 |
---------------+-------------+-----
Stealth        | 3 4 5 6 |  6.5
Dodging        | |  2.0
Spellcasting   | |  3.0
Conjurations   | |  1.0
Summonings     | |  1.0
Translocations | |  1.0

Action                   |  1- 3 |  4- 6 || total
-------------------------+-------+-------++-------
Melee: Dagger            |    37 |    11 ||    48
       Constrict         |    13 |     3 ||    16
       Tentacles         |     9 |     2 ||    11
 Cast: Magic Dart        |    49 |    21 ||    70
 Stab: Sleeping          |     4 |     2 ||     6
       Distracted        |     1 |       ||     1
Armor: Skin              |     6 |     2 ||     8
Dodge: Dodged            |    29 |    10 ||    39
